 Dungeon Crawl Stone Soup version 0.32-a0-685-g93135e86f0 (webtiles) character file.

Game seed: 3501752127623656596

4 Hubris850 the Chopper (level 1, -2/16 HPs)
             Began as a Coglin Gladiator on Mar 12, 2024.
             Slain by a gnoll
             ... wielding a +0 flail
              (7 damage)
             ... on level 1 of the Dungeon.
             The game lasted 00:02:12 (90 turns).

Hubris850 the Chopper (Coglin Gladiator)              Turns: 90, Time: 00:02:13

Health: -2/16      AC:  4    Str: 14    XL:     1   Next: 60%
Magic:  1/1        EV: 12    Int:  7    God:
Gold:   2          SH:  0    Dex: 15    Spells: 0/0 levels left

rFire   . . .        a - +0 war axe {Pancho}
rCold   . . .        f - +0 dagger {Karl}
rNeg    . . .        b - +0 leather armour
rPois   .            c - +0 helmet
rElec   .            (no cloak)
rCorr   .            (no gloves)
SInv    .            (no boots)
Will    .....        (amulet unavailable)
Stlth   +            (ring unavailable)
HPRegen 0.22/turn    (ring unavailable)
MPRegen 0.07/turn    (no gizmo)

%: no passive effects
@: revved
A: off-hand wielding, slow wielding, warmup strikes, no jewellery
a: Invent Gizmo


You were on level 1 of the Dungeon.
You visited 1 branch of the dungeon, and saw 1 of its levels.

You collected 2 gold pieces.

Inventory:

Hand Weapons
 a - a +0 war axe (weapon) {Pancho}
 f - a +0 dagger (offhand) {Karl}
Missiles
 d - 3 throwing nets (quivered)
 e - a javelin
Armour
 b - a +0 leather armour (worn)
 c - a +0 helmet (worn)
Potions
 g - a potion of haste {unknown}


   Skills:
 + Level 2.1 Fighting
 + Level 3.0 Axes
 + Level 1.9 Throwing
 + Level 2.7 Dodging


You couldn't memorise any spells.
You didn't know any spells.
Your spell library was empty.

Dungeon Overview and Level Annotations

Branches:
Dungeon (1/15)

Altars:


Innate Abilities, Weirdness & Mutations

You can wield a second weapon in your off-hand.
It takes a long time for you to wield or remove held weapons.
Your first few attacks do less damage.
You cannot equip rings or amulets.


Message History

Found a spear.
Found 2 gold pieces.
You see here a +0 spear.
You now have 2 gold pieces.
A rat comes into view.
Found a stone staircase leading down.
The rat squeaks loudly.
Unknown command.
The rat bites you but does no damage.
You barely miss the rat with your +0 dagger.
You hit the rat with your +0 war axe. The rat closely misses you.
You hit the rat but do no damage.
The rat is severely wounded.
You slash the rat with your +0 war axe!
You kill the rat!
No target in view!
An endoplasm and a hobgoblin come into view.
Found a scale mail.
The hobgoblin shouts!
The endoplasm hits you.
You hit the endoplasm but do no damage.
You slash the endoplasm with your +0 war axe!
You kill the endoplasm!
You closely miss the hobgoblin with your +0 war axe.
You barely miss the hobgoblin with your +0 dagger.
The hobgoblin closely misses you.
The hobgoblin hits you but does no damage.
You hit the hobgoblin but do no damage.
You slash the hobgoblin with your +0 war axe!
You kill the hobgoblin!
A gnoll comes into view. It is wielding a +0 flail.
The gnoll shouts!
The gnoll hits you with a +0 flail!
Ouch! That really hurt!
You are too injured to fight recklessly!
You are too injured to fight recklessly!
You hit the gnoll with your +0 war axe.
The gnoll is moderately wounded.
You hit the gnoll with your +0 dagger. The gnoll hits you with a +0 flail!
You die...

###########
#.#.......#
####.#.#####.#
.....#.#####.#######
####.#.....#>...@g[#
...#.#.....##.####.#
...#.#......#.. ..
...#.##.....##.# ##
##.#.######.# .#
.#.#.######.# ..
.#.#........# #..
.#.#........# ##
#.#........#


You could see a gnoll.

Vanquished Creatures
  An endoplasm (D:1)
  A hobgoblin (D:1)
  A bat (D:1)
  A rat (D:1)
4 creatures vanquished.

Notes
Turn   | Place    | Note
-------+----------+-------------------------------------------
     0 | D:1      | Hubris850 the Coglin Gladiator began the quest for the Orb.
     0 | D:1      | Reached XP level 1. HP: 16/16 MP: 1/1
    90 | D:1      | Slain by a gnoll

Illustrated notes

Levels and vault maps discovered:
D:1:      lightli_molten_gateway, layout_basic, serial_shops, shop,
          minmay_misc_feat_diagonals

Action                     || total
---------------------------++-------
  Melee: Dagger            ||     8
         War axe           ||     7
 Armour: Leather armour    ||     6
  Dodge: Dodged            ||     3

Table legend: (Time is in decaauts)
 A = Elapsed time spent in this place.
 B = Non-inter-level travel time spent in this place.
 C = Inter-level travel time spent in this place.
 D = Time resting spent in this place.
 E = Time spent auto-exploring this place.
 F = Levels seen in this place.
 G = Mean time per level.
                   A        B        C        D        E       F      G
               +--------+--------+--------+--------+--------+-----+--------+
         Total |     91 |     91 |      0 |      0 |     32 |   1 |   91.0 |
       Dungeon |     91 |     91 |      0 |      0 |     32 |   1 |   91.0 |
               +--------+--------+--------+--------+--------+-----+--------+

Top non-repeatable levels by time:
     D:1: 91 daAuts
